 Dungeon Crawl Stone Soup version 0.31-a0-185-g9dded2c639 (webtiles) character file.

Game seed: 6455132829083974389

53 qw the Shooter (level 3, 0/20 HPs)
             Began as a Deep Elf Hunter on June 22, 2023.
             Succumbed to an adder's poison
             ... on level 2 of the Dungeon.
             The game lasted 00:00:33 (1210 turns).

qw the Shooter (Deep Elf Hunter)                    Turns: 1210, Time: 00:00:34

Health: 0/20       AC:  6    Str: 10    XL:     3   Next: 62%
Magic:  4/5        EV:  9    Int: 13    God:
Gold:   50         SH:  0    Dex: 18    Spells: 2/2 levels left

rFire   . . .        Y - +0 shortbow
rCold   . . .        (shield currently unavailable)
rNeg    . . .        l - +0 scale mail
rPois   .            (no helmet)
rElec   .            (no cloak)
rCorr   .            (no gloves)
SInv    .            (no boots)
Will    .....        i - amulet of guardian spirit
Stlth   +            (no ring)
HPRegen 0.23/turn    (no ring)
MPRegen 0.09/turn

%: guardian spirit
@: lethally poisoned (0 -> -6)
A: no striking features
a: no special abilities


You were on level 2 of the Dungeon.
You visited 1 branch of the dungeon, and saw 2 of its levels.

You collected 115 gold pieces.
You spent 65 gold pieces at shops.


   Skills:
 - Level 1.5 Fighting
 + Level 7.1 Ranged Weapons
 - Level 2.4 Dodging
 - Level 1.2 Stealth


You had 2 spell levels left.
You didn't know any spells.
Your spell library was empty.

Inventory:

Hand Weapons
 Y - a +0 shortbow (weapon)
Armour
 l - a +0 scale mail (worn)
Jewellery
 i - an amulet of guardian spirit (around neck)
Scrolls
 a - a scroll of fog {unknown}
 b - a scroll of acquirement {unknown}
 c - a scroll of poison {unknown}
 d - a scroll of enchant armour {unknown}
 h - a scroll of identify
Potions
 e - a potion of haste {unknown}
 f - 2 potions of curing
 g - a potion of heal wounds {unknown}
 j - 2 potions of might
 k - a potion of lignification {unknown}
 m - 2 potions of berserk rage {unknown}
 n - 2 potions of enlightenment

Dungeon Overview and Level Annotations

Branches:
Dungeon (2/15)

Altars:

Shops:
D:2 *


Message History

You shoot an arrow. The arrow barely misses the adder.
The adder bites you but does no damage.
You shoot an arrow. The arrow hits the adder.
The adder is heavily wounded.
The adder barely misses you.
You shoot an arrow. The arrow closely misses the adder.
The adder bites you.
You are poisoned.
The adder poisons you! The adder completely misses you.
You shoot an arrow. The arrow hits the adder.
The adder is severely wounded.
You feel very sick. The adder closely misses you. The adder misses you.
You shoot an arrow. The arrow misses the adder.
You feel sick. The adder bites you but does no damage.
You shoot an arrow. The arrow hits the adder.
The adder is severely wounded.
You feel sick. The adder bites you but does no damage.
The adder barely misses you.
You shoot an arrow. The arrow barely misses the adder.
You feel sick. The adder bites you.
You are more poisoned.
The adder poisons you! The adder bites you but does no damage.
You shoot an arrow. The arrow hits the adder.
The adder is almost dead.
You feel sick. The adder bites you.
You are lethally poisoned!
The adder poisons you! The adder bites you but does no damage.
You shoot an arrow. The arrow barely misses the adder.
You feel very sick. The adder barely misses you.
You shoot an arrow. The arrow closely misses the adder.
You feel sick.
The adder bites you but does no damage. x2
You shoot an arrow. The arrow barely misses the adder.
You feel sick. The adder bites you.
You are more poisoned.
The adder poisons you! The adder closely misses you.
You shoot an arrow. The arrow hits the adder.
You kill the adder!
You die...

.........#.......#
.........#.......#
.........'....####
.........######
###......#
#......# #.....##
#.....# #....@#
#............
#####........
#........
#......).
#........
#########


There were no monsters in sight!

Vanquished Creatures
  An adder (D:2)
  4 bats (D:1)
  5 endoplasms
  4 giant cockroaches (D:1)
  5 goblins (D:1)
  7 hobgoblins
  4 jackals (D:2)
  3 quokkas
  2 ball pythons (D:1)
  3 frilled lizards
  4 kobolds
  4 rats (D:2)
46 creatures vanquished.

Notes
Turn   | Place    | Note
-------+----------+-------------------------------------------
     0 | D:1      | qw the Deep Elf Hunter began the quest for the Orb.
     0 | D:1      | Reached XP level 1. HP: 12/12 MP: 3/3
     0 | D:1      | 0 ||| qw: Version: 0.3-a-9-g12657ce
     0 | D:1      | 0 ||| qw: Game counter: 1668
     0 | D:1      | 0 ||| qw: Always use a shield: true
     0 | D:1      | 0 ||| qw: God list: Okawaru
     0 | D:1      | 0 ||| qw: Allow faded altars: false
     0 | D:1      | 0 ||| qw: Do Orc after D:15 true
     0 | D:1      | 0 ||| qw: Do second Lair branch before Depths: true
     0 | D:1      | 0 ||| qw: Lair rune preference: random
     0 | D:1      | 0 ||| qw: Plans: Normal
     0 | D:1      | 0 ||| PLANNING D:1-11
   107 | D:1      | Reached XP level 2. HP: 16/16 MP: 4/4
   120 | D:1      | Reached skill level 6 in Ranged Weapons
   504 | D:1      | Reached XP level 3. HP: 20/20 MP: 5/5
   621 | D:1      | 621 ||| UPGRADING to +0 scale mail.
   631 | D:1      | 631 ||| DROPPING +0 leather armour.
   632 | D:1      | 632 ||| UPGRADING to amulet of guardian spirit.
   637 | D:1      | 637 ||| READING scroll labelled NAENNIE TACO.
   638 | D:1      | 638 ||| READING scroll labelled ULLOBI RUKLEC.
   639 | D:1      | 639 ||| READING 2 scrolls labelled WUPIDI JAIXIN.
   640 | D:1      | 640 ||| READING scroll labelled BEOKISAYNN.
   641 | D:1      | 641 ||| DRINKING 2 fizzy inky potions.
   642 | D:1      | 642 ||| DRINKING 2 coppery potions.
   643 | D:1      | 643 ||| DROPPING scroll of butterflies.
   947 | D:2      | Reached skill level 7 in Ranged Weapons
  1133 | D:2      | Found Inodimu's General Store.
  1141 | D:2      | 1141 ||| SHOPLISTING 2 potions of haste (260 gold, have
                  | 93).
  1141 | D:2      | 1141 ||| BUYING potion of enlightenment (65 gold).
  1141 | D:2      | Bought a potion of enlightenment for 65 gold pieces
  1141 | D:2      | 1141 ||| SHOPLISTING scroll of enchant armour (97 gold,
                  | have 28).
  1141 | D:2      | 1141 ||| SHOPLISTING scroll of teleportation (39 gold, have
                  | 28).
  1208 | D:2      | HP: 5/20 [poisoned by an adder]
  1209 | D:2      | HP: 2/20 [adder (1)]
  1210 | D:2      | Succumbed to an adder's poison

Levels and vault maps discovered:
D:1:      minmay_arrival_hallway, layout_basic
D:2:      layout_basic, serial_shops, shop

Skill      XL: |  1  2  3 |
---------------+----------+-----
Ranged Weapons | 6 7 |  7.1
Fighting       | |  1.5
Dodging        | |  2.4
Stealth        | |  1.2

Action                     || total
---------------------------++-------
   Fire: Shortbow          ||   122
    Use: Scroll            ||     4
         Potion            ||     2
 Armour: Leather armour    ||     3
         Scale mail        ||    28
  Dodge: Dodged            ||    43

Table legend:
 A = Non-vault XP
 B = Vault XP
 C = Vault XP percentage of total XP
 D = Non-vault monster count
 E = Vault monster count
 F = Vault count percentage of total count
                 A         B        C        D         E       F
            +---------+---------+-------+---------+---------+-------
      Total |      90 |       0 |   0.0 |      46 |       0 |   0.0
            +---------+---------+-------+---------+---------+-------
        D:1 |      45 |       0 |   0.0 |      26 |       0 |   0.0
        D:2 |      45 |       0 |   0.0 |      20 |       0 |   0.0
            +---------+---------+-------+---------+---------+-------
